 Dungeon Crawl Stone Soup version 0.31.0-9-g3a7656b989 (webtiles) character file.

Game seed: 5272197918069309400

8 Colgate the Poker (level 2, 22/24 HPs)
             Began as a Demonspawn Cinder Acolyte on Feb 2, 2024.
             Was a High Priest of Ignis.
             Quit the game on level 1 of the Dungeon.
             The game lasted 00:00:16 (253 turns).

Colgate the Poker (Demonspawn Cinder Acolyte)        Turns: 253, Time: 00:00:17

Health: 22/24      AC:  2    Str: 14    XL:     2   Next: 0%
Magic:  3/3        EV: 11    Int: 14    God:    Ignis [*****.]
Gold:   48         SH:  0    Dex:  8    Spells: 3/3 levels left

rFire   + . .        a - -1 spear (flame)
rCold   . . .        (no shield)
rNeg    . . .        b - +0 robe
rPois   .            (no helmet)
rElec   .            (no cloak)
rCorr   .            (no gloves)
SInv    .            (no boots)
Will    .....        (no amulet)
Stlth   +            (no ring)
HPRegen 0.24/turn    (no ring)
MPRegen 0.08/turn

%: no passive effects
@: no status effects
A: hooves 1
a: Renounce Religion, Fiery Armour, Foxfire Swarm, Rising Flame


You were on level 1 of the Dungeon.
You worshipped Ignis.
Ignis was extremely pleased with you.
You visited 1 branch of the dungeon, and saw 1 of its levels.

You collected 48 gold pieces.

Inventory:

Hand Weapons
 a - a -1 spear of flaming (weapon)
Armour
 b - a +0 robe (worn)
Scrolls
 d - 2 scrolls of identify {unknown}
 e - a scroll of blinking {unknown}
 f - a scroll of noise {unknown}
Potions
 c - a potion of attraction {unknown}


   Skills:
 - Level 3.0 Fighting
 + Level 3.2 Polearms
 - Level 1.0 Spellcasting
 - Level 2.6 Fire Magic


You had 3 spell levels left.
You didn't know any spells.
Your spell library contained the following spells:

 Spells                   Type           Power      Damage    Failure   Level
 Scorch                   Fire           16%        2d5       13%         2
 Shock                    Conj/Air       0%         1d3       26%         1
 Swiftness                Air            0%         N/A       61%         3
 Airstrike                Air            0%         2d(0-16)  95%         4


Dungeon Overview and Level Annotations

Branches:
Dungeon (1/15)

Altars:


Innate Abilities, Weirdness & Mutations

You have large cloven feet.


Message History

A hobgoblin comes into view.
There are monsters nearby!
You hit the hobgoblin but do no damage. The hobgoblin barely misses you.
There are monsters nearby!
You closely miss the hobgoblin. The hobgoblin completely misses you.
There are monsters nearby!
You hit the hobgoblin. You burn the hobgoblin.
You kill the hobgoblin!
A kobold is nearby!
You reach to attack!
You hit the kobold. You burn the kobold.
A kobold is nearby!
You miss the kobold. The kobold barely misses you.
A kobold is nearby!
You hit the kobold but do no damage. The kobold hits you with a +0 club.
A kobold is nearby!
You hit the kobold. You burn the kobold.
You kill the kobold!
Key pressed, stopping explore.
No target in view!
Key pressed, stopping explore.
No target in view!
You see here a hobgoblin corpse.
A ball python comes into view.
The ball python hisses angrily.
Found a scroll labelled PYECRA KOOKAAC.
A ball python is nearby!
A ball python is nearby!
You hit the ball python but do no damage.
The ball python barely misses you. x2
A ball python is nearby!
You hit the ball python. You burn the ball python. The ball python bites you.
The ball python closely misses you.
A ball python is nearby!
You hit the ball python. You burn the ball python.
You kill the ball python!
You have reached level 2!
You feel monstrous as your demonic heritage exerts itself.
Your demonic ancestry asserts itself...
Your feet thicken and deform.
Are you sure you want to abandon this character and quit the game? (Confirm with "yes".)

.##.#...#.##..#
.........##..#
.##.#...#.##..#
#.##.##...###..#
#..............#
#.#####.).....##
#.#####†#####.#
..##.......### #
.......@.....#
.?#####!.........
#.##.#.####
#.##.#.# #.##(#.#
. ..##.#.#
..########.#.#
.........#.#
..(###....#


There were no monsters in sight!

Vanquished Creatures
  A ball python (D:1)
  An endoplasm (D:1)
  2 hobgoblins (D:1)
  A kobold (D:1)
  A quokka (D:1)
6 creatures vanquished.

Notes
Turn   | Place    | Note
-------+----------+-------------------------------------------
     0 | D:1      | Colgate the Demonspawn Cinder Acolyte began the quest for
                  | the Orb.
     0 | D:1      | Reached XP level 1. HP: 18/18 MP: 2/2
   253 | D:1      | Discovered your monstrous ancestry.
   253 | D:1      | Gained mutation: You have large cloven feet. [demonic
                  | ancestry]
   253 | D:1      | Reached XP level 2. HP: 22/24 MP: 3/3
   253 | D:1      | Quit the game

Illustrated notes

Levels and vault maps discovered:
D:1:      mrwooster_arrival_statue, layout_loops_ring, item_on_display_a

Skill      XL: |  1 |
---------------+----+-----
Polearms       | 3 |  3.2
Fighting       | |  3.0
Spellcasting   | |  1.0
Fire Magic     | |  2.6

Action                     || total
---------------------------++-------
  Melee: Spear             ||    27
 Armour: Robe              ||     9
  Dodge: Dodged            ||    10
